 Dungeon Crawl Stone Soup version 0.22.1-2-g9c5b331383 (webtiles) character file.

68 Rediskos the Chopper (level 4, -8/40 HPs)
             Began as a Minotaur Berserker on Nov 17, 2018.
             Was a Follower of Trog.
             Mangled by Terence
             ... wielding a +2 trident of venom
              (9 damage)
             ... on level 2 of the Dungeon.
             The game lasted 00:02:44 (944 turns).

Rediskos the Chopper (Minotaur Berserker)            Turns: 944, Time: 00:02:45

Health: -8/40      AC:  3    Str: 22    XL:     4   Next: 1%
Magic:  3/3        EV: 12    Int:  4    God:    Trog [*.....]
Gold:   82         SH:  0    Dex: 10    Spells: 3/3 levels left

rFire    . . .     SeeInvis .   a - +0 hand axe
rCold    . . .     Gourm    .   (no shield)
rNeg     + . .     Faith    .   b - +0 animal skin
rPois    .         Spirit   .   (helmet restricted)
rElec    .         Reflect  .   (no cloak)
rCorr    .         Harm     .   d - +0 pair of gloves
MR       ++...                  (no boots)
Stlth    +.........             (no amulet)
HPRegen  1.13/turn              e - ring of positive energy
MPRegen  0.08/turn              (no ring)

@: lethally poisoned (-8 -> -14), berserk cooldown, regenerating, slowed, very
slow
A: retaliatory headbutt, horns 2
a: Berserk, Renounce Religion


You were on level 2 of the Dungeon.
You worshipped Trog.
Trog was aware of your devotion.
You were very hungry.

You visited 1 branch of the dungeon, and saw 2 of its levels.

You collected 82 gold pieces.

Inventory:

Hand Weapons
 a - a +0 hand axe (weapon)
Armour
 b - a +0 animal skin (worn)
 d - a +0 pair of gloves (worn)
Jewellery
 e - a ring of positive energy (left hand)
Scrolls
 g - a scroll of immolation {unknown}
 h - 2 scrolls of identify
 j - a scroll of remove curse
 k - a scroll of random uselessness {unknown}
 p - a scroll of blinking {unknown}
 q - a scroll of fear {unknown}
 r - a scroll of magic mapping {unknown}
Potions
 f - a potion of flight
 i - a potion of degeneration {unknown}
 l - a potion of cancellation {unknown}
 n - a potion of curing {unknown}
Comestibles
 c - 2 rations
 o - 2 chunks of flesh


   Skills:
 + Level 4.1 Fighting
 * Level 4.6 Axes
 + Level 3.1 Armour
 + Level 2.9 Dodging


You had 3 spell levels left.
You didn't know any spells.
Your spell library was empty.

Dungeon Overview and Level Annotations

Branches:
Dungeon (2/15)

Altars:
Nemelex Xobeh

Annotations:
D:2 Terence


Innate Abilities, Weirdness & Mutations

You reflexively headbutt those who attack you in melee.
You have a pair of horns on your head.


Message History

You feel sick. Terence closely misses you.
You hit Terence but do no damage.
You feel less invigorated.
You feel less confused.
You feel sick. Terence closely misses you.
Terence hits you with a trident of venom.
You are lethally poisoned!
You hit Terence but do no damage.
* * * LOW HITPOINT WARNING * * *
You feel very sick.
Terence hits you with a trident of venom!
* * * LOW HITPOINT WARNING * * *
You are more poisoned.
Your skin crawls.
You feel resistant to hostile enchantments.
You are feeling very hungry.
You can no longer call upon Trog for regeneration and magic resistance.
* * * LOW HITPOINT WARNING * * *
You feel very sick.
Terence hits you with a trident of venom!
You die...

.#########....#.#
#.##......#.. #.......# #
#......#..
#.......####.##......#..
#.......#............###
######.......#.##.##.###)..##
#............# .. #.# #.#...
#.....#......### #.# #.####
#.....######### #.# #.. #
+.......))g@@.# ... .## #
#.....#######.# ... . #
#.#.#.# #.# ..... # #.#.#.#.#
#.# ...... #.#.#.#.#.# #.#
#.#.#.# #.## #.# ## #. .#@#
#. #.# #. . .#.# ## #.# #. .#
... #


You could see Terence and a gnoll.

Vanquished Creatures
  3 gnolls (D:2)
  An adder (D:2)
  A worm (D:2)
  A dart slug (D:2)
  A giant cockroach (D:1)
  5 goblins
  2 hobgoblins (D:1)
  4 bats
  6 kobolds
  2 rats
26 creatures vanquished.

Notes
Turn   | Place    | Note
-------+----------+-------------------------------------------
     0 | D:1      | Rediskos the Minotaur Berserker began the quest for the
                  | Orb.
     0 | D:1      | Reached XP level 1. HP: 19/19 MP: 0/0
   356 | D:1      | Reached XP level 2. HP: 15/27 MP: 1/1
   791 | D:2      | Found a sparkling altar of Nemelex Xobeh.
   808 | D:2      | Reached XP level 3. HP: 31/33 MP: 2/2
   922 | D:2      | Noticed Terence
   935 | D:2      | Reached ** piety under Trog
   935 | D:2      | Reached XP level 4. HP: 11/40 MP: 3/3
   936 | D:2      | HP: 3/60 [poisoned by Terence]
   938 | D:2      | HP: 1/40 [poisoned by Terence]
   943 | D:2      | HP: 2/40 [Terence/trident of venom (8)]
   944 | D:2      | Mangled by Terence

Skill      XL: |  1  2  3 |
---------------+----------+-----
Axes           | 4 |  4.6
Fighting       | 4 |  4.1
Armour         | 3 |  3.1
Dodging        | |  2.9

Action                   |  1- 3 |  4- 6 || total
-------------------------+-------+-------++-------
Melee: Hand axe          |    45 |     2 ||    47
       Headbutt          |    10 |       ||    10
Invok: Berserk           |     2 |       ||     2
       Trog's Hand       |       |     1 ||     1
  Use: Scroll            |     2 |       ||     2
       Potion            |       |     1 ||     1
 Stab: Sleeping          |     1 |       ||     1
  Eat: Chunk             |     1 |       ||     1
Armor: Animal skin       |    10 |       ||    10
Dodge: Dodged            |    29 |     3 ||    32
